ORI
UNIVERSITY OF GEORGIA BULLDOGS @ UNIVERSITY OF NEBRASKA CORNHUSKERS
12/09/2044
 
TOP OF THE 1ST
University of Georgia Bulldogs batting - Pitching for University of Nebraska Cornhuskers : RHP John Olson
Pitching: RHP John Olson
Batting: RHB Patrick Pinault 0-0: Ball
1-0: Foul Ball, location: 2F
1-1: Fly out, F8 (Flyball, 8RM, EV 93.1 MPH)
Batting: RHB Armando Ramirez 0-0: Fly out, F9 (Flyball, 89S, EV 95.0 MPH)
Batting: RHB Terry Oetker 0-0: Ball
1-0: Ball
2-0: SINGLE (Line Drive, 3D, EV 110.0 MPH)
Batting: LHB Antonio Razo 0-0: Ball
1-0: Foul Ball, location: 2F
1-1: Called Strike
1-2: Ground out 4-3 (Groundball, 4, EV 85.0 MPH)
Top of the 1st over - 0 runs, 1 hit, 0 errors, 1 left on base; University of Georgia 0 - University of Nebraska 0
BOTTOM OF THE 1ST
University of Nebraska Cornhuskers batting - Pitching for University of Georgia Bulldogs : RHP Andy Wolverton
Pitching: RHP Andy Wolverton
Batting: RHB Juan Ordonez 0-0: Bunt missed!
0-1: Ball
1-1: Swinging Strike
1-2: SINGLE (Groundball, 15S, EV 70.6 MPH) (infield hit)
Batting: SHB Jim Lloyd 0-0: Ball
1-0: Called Strike
1-1: Ball
2-1: Foul Ball, location: 2F
2-2: SINGLE (Groundball, 56, EV 97.5 MPH)
Juan Ordonez to second
Batting: RHB Jose Zuniga 0-0: Called Strike
0-1: Ball
1-1: Ball
2-1: Foul Ball, location: 2F
2-2: Strikes out looking
Batting: SHB Karl Starnes 0-0: Called Strike
0-1: Ball
1-1: Ball
2-1: Grounds into double play, 4-6-3 (Groundball, 34D, EV 97.5 MPH)
Bottom of the 1st over - 0 runs, 2 hits, 0 errors, 1 left on base; University of Georgia 0 - University of Nebraska 0
TOP OF THE 2ND
University of Georgia Bulldogs batting - Pitching for University of Nebraska Cornhuskers : RHP John Olson
Batting: LHB Jesus Huante 0-0: Ball
1-0: Called Strike
1-1: Ball
2-1: Ground out 6-3 (Groundball, 56, EV 85.6 MPH)
Batting: RHB Rip Log 0-0: Ball
1-0: Ball
2-0: Called Strike
2-1: Ball
3-1: Foul Ball, location: 2F
3-2: Fly out, F3 (Line Drive, 3, EV 68.1 MPH)
Batting: LHB Mitsujiro Tanaka 0-0: Ball
1-0: Ball
2-0: Foul Ball, location: 2F
2-1: Swinging Strike
2-2: DOUBLE (Line Drive, 89M, EV 108.8 MPH)
Batting: RHB Ivan Barrientos 0-0: Called Strike
0-1: Fly out, F9 (Flyball, 9LS, EV 96.2 MPH)
Top of the 2nd over - 0 runs, 1 hit, 0 errors, 1 left on base; University of Georgia 0 - University of Nebraska 0
BOTTOM OF THE 2ND
University of Nebraska Cornhuskers batting - Pitching for University of Georgia Bulldogs : RHP Andy Wolverton
Batting: RHB Francisco Marin 0-0: Ball
1-0: Foul Ball, location: 2F
1-1: Ball
2-1: SOLO HOME RUN (Flyball, 7D, EV 99.4 MPH), Distance : 376 ft
Batting: RHB Kekoa Kahele 0-0: Fly out, F6 (Popup, 6MD, EV 51.9 MPH)
Batting: SHB Omar Cervantes 0-0: Ball
1-0: Called Strike
1-1: Swinging Strike
1-2: Ball
2-2: Foul Ball, location: 2F
2-2: Ball
3-2: Strikes out swinging
Batting: RHB Doug Thornsberry 0-0: Ball
1-0: Foul Ball, location: 2F
1-1: Ground out 6-3 (Groundball, 6M, EV 83.8 MPH)
Bottom of the 2nd over - 1 run, 1 hit, 0 errors, 0 left on base; University of Georgia 0 - University of Nebraska 1
TOP OF THE 3RD
University of Georgia Bulldogs batting - Pitching for University of Nebraska Cornhuskers : RHP John Olson
Batting: RHB Jose Garibay 0-0: Ball
1-0: Reached on error, E6 (Groundball, 6, EV 88.1 MPH)
Batting: RHB Patrick Pinault 0-0: Swinging Strike
0-1: Fly out, F9 (Flyball, 89D, EV 105.0 MPH)
Batting: RHB Armando Ramirez 0-0: Foul Ball, location: 2F
0-1: Ball
1-1: Foul Ball, location: 2F
1-2: Fly out, F8 (Flyball, 89D, EV 101.9 MPH)
Batting: RHB Terry Oetker 0-0: Ground out 1-3 (Groundball, 34S, EV 67.5 MPH)
Top of the 3rd over - 0 runs, 0 hits, 1 error, 1 left on base; University of Georgia 0 - University of Nebraska 1
BOTTOM OF THE 3RD
University of Nebraska Cornhuskers batting - Pitching for University of Georgia Bulldogs : RHP Andy Wolverton
Batting: RHB Hanley Hernandez 0-0: Ball
1-0: Ball
2-0: Called Strike
2-1: SINGLE (Groundball, 25, EV 68.1 MPH) (infield hit)
Batting: RHB Juan Ordonez 0-0: Ball
1-0: Ball
2-0: Called Strike
2-1: Fielders Choice at 2nd, 3-6 (Groundball, 3S, EV 82.5 MPH)
Batting: SHB Jim Lloyd 0-0: Called Strike
Juan Ordonez steals 2nd base (no throw)
0-1: Called Strike
0-2: Fly out, F8 (Flyball, 89M, EV 88.1 MPH)
Batting: RHB Jose Zuniga 0-0: Ball
1-0: Called Strike
1-1: Ball
Passed Ball!
Juan Ordonez to third
2-1: Ball
3-1: Foul Ball, location: 2F
3-2: Base on Balls
Batting: SHB Karl Starnes 0-0: Called Strike
0-1: Ball
1-1: DOUBLE (Flyball, 8RXD, EV 89.4 MPH)
Juan Ordonez scores
Jose Zuniga to third
Batting: RHB Francisco Marin 0-0: Ball
1-0: Foul Ball, location: 2F
1-1: Ball
2-1: DOUBLE (Flyball, 78D, EV 95.0 MPH)
Jose Zuniga scores
Karl Starnes scores
Batting: RHB Kekoa Kahele 0-0: Swinging Strike
0-1: Swinging Strike
0-2: Strikes out swinging
Bottom of the 3rd over - 3 runs, 3 hits, 0 errors, 1 left on base; University of Georgia 0 - University of Nebraska 4
TOP OF THE 4TH
University of Georgia Bulldogs batting - Pitching for University of Nebraska Cornhuskers : RHP John Olson
Batting: LHB Antonio Razo 0-0: Called Strike
0-1: Ball
1-1: Ball
2-1: Ball
3-1: Swinging Strike
3-2: Base on Balls
Batting: LHB Jesus Huante 0-0: Ball
1-0: Grounds into double play, 6-4-3 (Groundball, 6, EV 108.1 MPH)
Batting: RHB Rip Log 0-0: Ball
1-0: SINGLE (Groundball, P, EV 86.2 MPH) (infield hit)
Batting: LHB Mitsujiro Tanaka 0-0: Ball
1-0: Called Strike
1-1: Ball
2-1: Swinging Strike
2-2: Ball
3-2: Ground out U3 (Groundball, 3, EV 89.4 MPH)
Top of the 4th over - 0 runs, 1 hit, 0 errors, 1 left on base; University of Georgia 0 - University of Nebraska 4
BOTTOM OF THE 4TH
University of Nebraska Cornhuskers batting - Pitching for University of Georgia Bulldogs : RHP Andy Wolverton
Batting: SHB Omar Cervantes 0-0: Ball
1-0: Ball
2-0: Ball
3-0: Called Strike
3-1: Base on Balls
Batting: RHB Doug Thornsberry 0-0: Ball
1-0: Foul Ball, location: 2F
1-1: Reached on error, E6 (Groundball, 6, EV 99.4 MPH)
Omar Cervantes to second
Batting: RHB Hanley Hernandez 0-0: Ball
1-0: Grounds into double play, 6-4-3 (Groundball, 6, EV 88.1 MPH)
Omar Cervantes to third
Batting: RHB Juan Ordonez 0-0: Ball
1-0: Ground out 4-3 (Groundball, 34D, EV 83.8 MPH)
Bottom of the 4th over - 0 runs, 0 hits, 1 error, 1 left on base; University of Georgia 0 - University of Nebraska 4
TOP OF THE 5TH
University of Georgia Bulldogs batting - Pitching for University of Nebraska Cornhuskers : RHP John Olson
Batting: RHB Ivan Barrientos 0-0: Ball
1-0: Foul Ball, location: 2F
1-1: Ball
2-1: Fly out, F6 (Popup, 6, EV 58.1 MPH)
Batting: RHB Jose Garibay 0-0: Called Strike
0-1: Ball
1-1: Called Strike
1-2: SINGLE (Groundball, 6MD, EV 100.0 MPH)
Batting: RHB Patrick Pinault 0-0: Ball
1-0: Fielders Choice at 2nd, 3-6 (Groundball, 34S, EV 81.2 MPH)
Batting: RHB Armando Ramirez 0-0: Fly out, F7 (Line Drive, 7, EV 91.9 MPH)
Top of the 5th over - 0 runs, 1 hit, 0 errors, 1 left on base; University of Georgia 0 - University of Nebraska 4
BOTTOM OF THE 5TH
University of Nebraska Cornhuskers batting - Pitching for University of Georgia Bulldogs : RHP Andy Wolverton
Batting: SHB Jim Lloyd 0-0: Ball
1-0: Called Strike
1-1: TRIPLE (Line Drive, 9D, EV 105.6 MPH)
Pitching: RHP Jon Trujillo
Batting: RHB Jose Zuniga 0-0: Ball
1-0: Called Strike
1-1: Ball
2-1: Ball
3-1: Foul Ball, location: 2F
3-2: Ground out 4-3 (Groundball, 4, EV 86.9 MPH)
Jim Lloyd scores
Batting: SHB Karl Starnes 0-0: Ball
1-0: Ball
2-0: Ground out 3-1 (Groundball, 13, EV 86.9 MPH)
Batting: RHB Francisco Marin 0-0: Fly out, F9 (Flyball, 89XD, EV 100.6 MPH)
Bottom of the 5th over - 1 run, 1 hit, 0 errors, 0 left on base; University of Georgia 0 - University of Nebraska 5
TOP OF THE 6TH
University of Georgia Bulldogs batting - Pitching for University of Nebraska Cornhuskers : RHP John Olson
Batting: RHB Terry Oetker 0-0: Foul Ball, location: 2F
0-1: Swinging Strike
0-2: SINGLE (Groundball, 4MD, EV 105.0 MPH)
Batting: LHB Antonio Razo 0-0: Ball
1-0: Ball
2-0: Called Strike
2-1: Called Strike
2-2: SINGLE (Groundball, 4MD, EV 102.5 MPH)
Terry Oetker to second
Batting: LHB Jesus Huante 0-0: Fielders Choice at 2nd, 4-6 (Groundball, 34, EV 99.4 MPH)
Terry Oetker to third
Batting: RHB Rip Log 0-0: Ball
1-0: Foul Ball, location: 2F
1-1: Ball
2-1: Foul Ball, location: 2F
2-2: Ball
3-2: Strikes out looking
Pitching: RHP Steve Schneider
Batting: LHB Mitsujiro Tanaka 0-0: Ball
1-0: Ball
2-0: Ball
3-0: Called Strike
3-1: Base on Balls
Jesus Huante to second
Batting: RHB Ivan Barrientos 0-0: Ball
1-0: Swinging Strike
1-1: Ball
2-1: Ball
3-1: Foul Ball, location: 2F
3-2: Strikes out swinging
Top of the 6th over - 0 runs, 2 hits, 0 errors, 3 left on base; University of Georgia 0 - University of Nebraska 5
BOTTOM OF THE 6TH
University of Nebraska Cornhuskers batting - Pitching for University of Georgia Bulldogs : RHP Jon Trujillo
Batting: RHB Kekoa Kahele 0-0: Ball
1-0: Ball
2-0: Called Strike
2-1: Foul Ball, location: 2F
2-2: Ball
3-2: Foul Ball, location: 2F
3-2: Base on Balls
Batting: SHB Omar Cervantes 0-0: Called Strike
0-1: Ball
1-1: Grounds into double play, 5-4-3 (Groundball, 56, EV 111.2 MPH)
Batting: RHB Doug Thornsberry 0-0: Ball
1-0: Ball
2-0: Ball
3-0: Called Strike
3-1: Fly out, F7 (Flyball, 7LM, EV 89.4 MPH)
Bottom of the 6th over - 0 runs, 0 hits, 0 errors, 0 left on base; University of Georgia 0 - University of Nebraska 5
TOP OF THE 7TH
University of Georgia Bulldogs batting - Pitching for University of Nebraska Cornhuskers : RHP Steve Schneider
Batting: RHB Jose Garibay 0-0: Ball
1-0: Ball
2-0: Called Strike
2-1: Swinging Strike
2-2: Ball
3-2: Strikes out swinging
Pinch Hitting: RHB Minoru Matsumoto 0-0: Ball
1-0: Ball
2-0: Ball
3-0: Base on Balls
Pitching: RHP Cheng-qian Shuai
Pinch Hitting: RHB Jeff Floyd 0-0: Called Strike
0-1: Ball
1-1: Called Strike
1-2: Ball
2-2: DOUBLE (Line Drive, 3D, EV 97.5 MPH)
Minoru Matsumoto to third
Batting: RHB Pedro Gonzalez 0-0: 3-RUN HOME RUN (Flyball, 78XD, EV 100.6 MPH), Distance : 415 ft
Batting: LHB Antonio Razo 0-0: Called Strike
0-1: Ball
1-1: Foul Ball, location: 2F
1-2: Ball
2-2: Ball
3-2: Fly out, F8 (Flyball, 8LD, EV 100.6 MPH)
Batting: LHB Jesus Huante 0-0: Called Strike
0-1: Ground out 4-3 (Groundball, 4, EV 88.8 MPH)
Top of the 7th over - 3 runs, 2 hits, 0 errors, 0 left on base; University of Georgia 3 - University of Nebraska 5
BOTTOM OF THE 7TH
University of Nebraska Cornhuskers batting - Pitching for University of Georgia Bulldogs : RHP Jon Trujillo
Pitching: RHP Andres Morales
Now at 2B: Javy Franco
Now at 3B: Minoru Matsumoto
Batting: RHB Hanley Hernandez 0-0: Ball
1-0: Called Strike
1-1: Ball
2-1: Ground out 4-3 (Groundball, 4M, EV 87.5 MPH)
Batting: RHB Juan Ordonez 0-0: Foul Ball, location: 2F
0-1: Foul Ball, location: 2F
0-2: Ball
1-2: Ground out 6-3 (Groundball, 6, EV 101.2 MPH)
Batting: SHB Jim Lloyd 0-0: Ball
1-0: Fly out, F8 (Flyball, 8LD, EV 92.5 MPH)
Bottom of the 7th over - 0 runs, 0 hits, 0 errors, 0 left on base; University of Georgia 3 - University of Nebraska 5
TOP OF THE 8TH
University of Georgia Bulldogs batting - Pitching for University of Nebraska Cornhuskers : RHP Cheng-qian Shuai
Pitching: RHP Jeremy Brown
Batting: RHB Rip Log 0-0: Ball
1-0: Called Strike
1-1: Called Strike
1-2: Ball
2-2: Ball
3-2: Strikes out swinging
Batting: LHB Mitsujiro Tanaka 0-0: Ball
1-0: Swinging Strike
1-1: Ball
2-1: Ball
3-1: SINGLE (Flyball, 89S, EV 91.2 MPH)
Batting: RHB Ivan Barrientos 0-0: Called Strike
0-1: Ball
1-1: Swinging Strike
1-2: Foul Ball, location: 2F
1-2: Foul Ball, location: 2F
1-2: Ball
2-2: Strikes out swinging
Batting: RHB Jose Garibay 0-0: Foul Ball, location: 2F
0-1: Ball
1-1: Ball
2-1: Fielders Choice at 2nd, 6-4 (Groundball, 6, EV 82.5 MPH)
Top of the 8th over - 0 runs, 1 hit, 0 errors, 1 left on base; University of Georgia 3 - University of Nebraska 5
BOTTOM OF THE 8TH
University of Nebraska Cornhuskers batting - Pitching for University of Georgia Bulldogs : RHP Andres Morales
Pitching: RHP Randy Kline
Batting: RHB Jose Zuniga 0-0: SINGLE (Groundball, 4MD, EV 98.8 MPH)
Batting: SHB Karl Starnes 0-0: Swinging Strike
0-1: Ball
1-1: Called Strike
1-2: Ball
2-2: Foul Ball, location: 2F
2-2: Ball
3-2: Base on Balls
Jose Zuniga to second
Batting: RHB Francisco Marin 0-0: Called Strike
0-1: Called Strike
0-2: Ball
1-2: Strikes out swinging
Batting: RHB Kekoa Kahele 0-0: Called Strike
0-1: Called Strike
0-2: Fielders Choice at 2nd, 6-4 (Groundball, 6, EV 101.2 MPH)
Jose Zuniga to third
Batting: SHB Omar Cervantes 0-0: Swinging Strike
0-1: Foul Ball, location: 2F
0-2: Ball
1-2: Ball
2-2: Ball
3-2: Strikes out swinging
Bottom of the 8th over - 0 runs, 1 hit, 0 errors, 2 left on base; University of Georgia 3 - University of Nebraska 5
TOP OF THE 9TH
University of Georgia Bulldogs batting - Pitching for University of Nebraska Cornhuskers : RHP Jeremy Brown
Pitching: RHP Tony Cortez
Now at 3B: Jason Todd
Batting: RHB Minoru Matsumoto 0-0: Called Strike
0-1: Ball
1-1: Ball
2-1: Ground out 6-3 (Groundball, 6, EV 100.0 MPH)
Batting: SHB Javy Franco 0-0: Ground out 4-3 (Groundball, 34, EV 88.1 MPH)
Batting: RHB Pedro Gonzalez 0-0: Called Strike
0-1: Fly out, F8 (Flyball, 89D, EV 99.4 MPH)
Top of the 9th over - 0 runs, 0 hits, 0 errors, 0 left on base; University of Georgia 3 - University of Nebraska 5
Thursday, March 31st , 2022 - OOTP Baseball 22.12 Build 89